 Dungeon Crawl Stone Soup version 0.18-a0-971-g0af6217 (webtiles) character file.

12740 tehphobia the Fighter (level 11, -3/104 HPs)
             Began as a Hill Orc Fighter on Jan 2, 2016.
             Was the Champion of Pakellas.
             Slain by Kirke (12 damage)
             ... on level 12 of the Dungeon.
             The game lasted 00:51:43 (11970 turns).

tehphobia the Fighter (Hill Orc Fighter)           Turns: 11970, Time: 00:51:43

Health: -3/104     AC:  0    Str: 24    XL:     11   Next: 98%
Magic:  17/17      EV: 13    Int:  8    God:    Pakellas [******]
Gold:   324        SH:  0    Dex: 11    Spells: 0 memorised, 10 levels left

rFire  + . .     SeeInvis .     (weapon currently unavailable)
rCold  + . .     Gourm    .     (armour currently unavailable)
rNeg   . . .     Faith    .     (shield currently unavailable)
rPois  +         Spirit   .     (helmet currently unavailable)
rElec  +         Dismiss  .     (cloak currently unavailable)
rCorr  +         Reflect  .     (gloves currently unavailable)
SustAt .         Harm     .     (boots currently unavailable)
MR     .....                    r - amulet of rage
Stlth  +.........               (ring currently unavailable)
                                (ring currently unavailable)

@: pig-form, resistant, slowed, not resistant to hostile enchantments, very
unstealthy
A: (talons 0), (iridescent scales 0), strong 1
a: Quick Charge, Device Surge, Renounce Religion, Evoke Berserk Rage


You were on level 12 of the Dungeon.
You worshipped Pakellas.
Pakellas was exalted by your worship.
You were very hungry.
You were a filthy swine.
You visited 3 branches of the dungeon, and saw 14 of its levels.

You collected 624 gold pieces.
You spent 300 gold pieces at shops.

Inventory:

Hand Weapons
 a - a +2 war axe of protection (melded)
 d - the +0 trident of Usyiq {pierce, +Inv +Fly}
   (You took it off a gnoll on level 3 of the Dungeon)

   It inflicts extra damage upon your enemies.
   It lets you turn invisible.
   It lets you fly.
 w - the +2 mace of Mourning {venom, rF++}
   (You found it on level 6 of the Dungeon)

   It poisons the flesh of those it strikes.
   It greatly protects you from fire.
Armour
 b - a +0 scale mail
 c - a +0 shield (melded)
 j - a +0 pair of gloves (melded)
 k - a +0 plate armour (melded)
 x - a +0 cloak (melded)
Rods
 E - a +5 rod of ignition (13/13)
   (Pakellas gifted it to you on level 3 of the Dungeon)
 S - a +3 rod of inaccuracy (10/10)
   (Pakellas gifted it to you on level 12 of the Dungeon)
Jewellery
 e - a +5 ring of evasion (melded)
 l - an uncursed ring of ice
 r - an amulet of rage (around neck)
 M - an uncursed ring of teleportation
 R - the ring of Xom's Benevolence (melded) {+Fly Int+3 Dex+4 Stlth+}
   (You found it on level 10 of the Dungeon)

   [ring of intelligence]

   It affects your intelligence (+3).
   It affects your dexterity (+4).
   It lets you fly.
   It makes you more stealthy.
Wands
 h - a wand of slowing (19/48)
 q - a wand of enslavement (4/24)
 s - a wand of random effects (29/48)
 t - a wand of polymorph (7/24)
 C - a wand of disintegration (0/24)
 F - a wand of heal wounds (0/9)
 H - a wand of disintegration (0/24)
 I - a wand of flame (8/48)
 K - a wand of magic darts (10/48)
 P - a supercharged wand of lightning (17/22)
 Q - a wand of polymorph (16/24)
Scrolls
 y - 2 scrolls of amnesia
 B - 6 scrolls of identify
 L - 2 scrolls of remove curse
 N - a scroll of teleportation
Potions
 i - 2 potions of haste
 m - 2 potions of degeneration
 z - a potion of resistance
 A - 2 potions of brilliance {unknown}
 D - a potion of agility
 G - a potion of might
 J - a potion of berserk rage
Books
 n - a book of Summonings

   Spells                             Type                      Level
   a - Recall                         Summoning/Translocation      3
   b - Aura of Abjuration             Summoning                    5
   c - Shadow Creatures               Summoning                    5
   d - Summon Demon                   Summoning                    5
   e - Summon Forest                  Summoning/Translocation      5
   f - Summon Mana Viper              Hexes/Summoning              5
 p - a book of Spatial Translocations

   Spells                             Type                      Level
   a - Apportation                    Translocation                1
   b - Blink                          Translocation                2
   c - Shroud of Golubria             Charms/Translocation         2
   d - Portal Projectile              Translocation                3
   e - Teleport Other                 Translocation                3
   f - Passage of Golubria            Translocation                4
 u - a book of Power

   Spells                             Type                      Level
   a - Fulminant Prism                Conjuration/Hexes            4
   b - Iskenderun's Mystic Blast      Conjuration                  4
   c - Venom Bolt                     Conjuration/Poison           5
   d - Bolt of Magma                  Conjuration/Fire/Earth       5
   e - Iron Shot                      Conjuration/Earth            6
   f - Orb of Destruction             Conjuration                  7
   g - Spellforged Servitor           Conjuration/Summoning        7
 O - a book of Battle

   Spells                             Type                      Level
   a - Infusion                       Charms                       1
   b - Shroud of Golubria             Charms/Translocation         2
   c - Song of Slaying                Charms                       2
   d - Spectral Weapon                Hexes/Charms                 3
   e - Regeneration                   Charms/Necromancy            3
Comestibles
 f - 13 bread rations
 g - 5 fruits
 o - 5 meat rations
 v - 2 slices of pizza


   Skills:
 - Level 11.8 Fighting
 - Level 10.0(10.1) Axes
 + Level 1.9(5.6) Polearms
 - Level 10.1 Armour
 - Level 0.5 Dodging
 + Level 8.2 Shields
 * Level 9.2 Evocations


You had 10 spell levels left.
You didn't know any spells.

Dungeon Overview and Level Annotations

Branches:
Dungeon (12/15)            Temple (1/1) D:6            Lair (0/8) D:10
    Orc (1/2) D:11

Altars:
Ashenzari
Dithmenos
Fedhas
Kikubaaqudgha
Nemelex Xobeh
Pakellas
Qazlal
Ru
Sif Muna
Trog
Vehumet
Xom
Yredelemnul

Shops:
D:10 ?

Annotations:
D:12 Kirke


Innate Abilities, Weirdness & Mutations

((You have sharp toenails.))
((You are partially covered in iridescent scales (AC +4).))
Your muscles are strong. (Str +2)


Message History

You feel stupid.
You hit something.
You hear some strange, mumbled words.
Something summons some harpies!
You hear some strange, mumbled words.
Something tries to affect you, but you resist.
You hit something. The harpy claws you!! The harpy barely misses you.
Something hits you.
You barely miss something.
The harpy screeches!
The harpy claws you! The harpy closely misses you. The harpy claws you!
The harpy claws you! Something hits you! Something hits you!
* * * LOW HITPOINT WARNING * * *
Drink which item? (? for menu, Esc to quit)
It was a potion of resistance.
You feel protected. The harpy claws you!!
* * * LOW HITPOINT WARNING * * *
The harpy closely misses you. Something hits you!
You die...

#........#
#........# ##
#........#h
)..##..........
.............
#..H.....#
#.Hhh....#
###{###### #h##
#H.### ##(..# #+#
#####.### #.#
#.......# #.#
#.......### #(#
#.........##### #.#
#.......#.....###.#
#.......#####...:[.


You could see 3 harpies and 2 hogs.

Vanquished Creatures
  A catoblepas (D:12)
  Urug (D:10)
  The ghost of thinklincoln the Covered, a novice HuFi of Gozag (D:8)
  A hill giant (D:10)
  An orc knight (D:11)
  Pikel (D:7)
  A centaur zombie (D:12)
  Joseph (D:10)
  2 gargoyles
  A komodo dragon (D:10)
  A troll (D:9)
  3 slime creatures (D:12)
  A wraith (D:11)
  A spriggan (D:7)
  Sigmund (D:2)
  2 hogs (D:12)
  3 hippogriffs
  2 hungry ghosts
  A water moccasin (D:10)
  A slave (D:7)
  3 orc warriors
  2 phantoms
  A black bear (D:7)
  2 sky beasts
  An eye of draining (D:11)
  10 ogres
  2 ice beasts
  6 centaurs
  A necrophage (D:8)
  A boggart (D:9)
  2 big kobolds
  The ghost of MetaCosm the Ducker, an amateur SpWr (D:3)
  An elf zombie (D:5)
  9 giant frogs
  5 killer bees (D:10)
  8 wights
  3 crimson imps
  2 giant frog skeletons (D:10)
  6 hounds
  Crazy Yiuf (D:2)
  3 jellies
  2 gnoll shamans (D:3)
  3 orc priests
  5 orc wizards
  A centaur skeleton (D:6)
  Jessica (D:2)
  2 human skeletons (D:5)
  Ijyb (D:3)
  An iguana (D:5)
  Natasha (thrice) (D:3)
  9 worker ants
  A hound zombie (D:9)
  A hound skeleton (D:9)
  Robin (D:2)
  2 worker ant zombies
  47 gnolls
  7 adders
  3 shadow imps
  A giant eyeball (D:3)
  3 adder zombies
  An adder skeleton (D:4)
  4 worms
  5 giant geckos
  33 orcs
  A ball python (D:1)
  4 giant cockroaches
  24 goblins
  13 hobgoblins
  29 jackals
  17 kobolds
  3 quokkas
  4 bats
  7 giant newts
  A jackal skeleton (D:5)
  3 orc skeletons (D:5)
  A quokka skeleton (D:6)
  9 rats
350 creatures vanquished.

Vanquished Creatures (collateral kills)
  A two-headed ogre (D:11)
  An orc warrior (D:11)
  A wight (D:11)
  An orc (D:11)
4 creatures vanquished.

Vanquished Creatures (others)
  An orc warrior (D:11)
  A plant (D:10)
2 creatures vanquished.

Grand Total: 356 creatures vanquished

Notes
Turn   | Place    | Note
--------------------------------------------------------------
     0 | D:1      | tehphobia the Hill Orc Fighter began the quest for the Orb.
     0 | D:1      | Reached XP level 1. HP: 19/19 MP: 1/1
   152 | D:1      | Reached XP level 2. HP: 13/27 MP: 2/2
  1010 | D:1      | Reached skill level 4 in Axes
  1117 | D:1      | Reached XP level 3. HP: 33/33 MP: 3/3
  1208 | D:2      | Noticed Jessica
  1218 | D:2      | Killed Jessica
  1218 | D:2      | Reached skill level 5 in Axes
  1274 | D:2      | Reached XP level 4. HP: 31/40 MP: 4/4
  1337 | D:2      | Reached skill level 6 in Axes
  1414 | D:2      | Noticed Robin
  1427 | D:2      | Killed Robin
  1427 | D:2      | Reached XP level 5. HP: 46/46 MP: 5/5
  1445 | D:2      | Found a basalt altar of Yredelemnul.
  1474 | D:2      | Noticed Sigmund
  1508 | D:2      | Killed Sigmund
  1508 | D:2      | Reached skill level 8 in Axes
  1508 | D:2      | Reached XP level 6. HP: 20/52 MP: 6/6
  1803 | D:2      | Found a faded altar to an unknown god.
  1885 | D:2      | Became a worshipper of Pakellas the Inventive
  1885 | D:2      | Reached * piety under Pakellas
  2467 | D:2      | Noticed Crazy Yiuf
  2473 | D:2      | Killed Crazy Yiuf
  2566 | D:3      | Noticed Ijyb
  2578 | D:3      | Killed Ijyb
  2578 | D:3      | Reached skill level 9 in Axes
  2626 | D:3      | Reached ** piety under Pakellas
  2626 | D:3      | Received a gift from Pakellas
  2855 | D:3      | Paralysed by a giant eyeball for 4 turns
  2866 | D:3      | Reached XP level 7. HP: 25/58 MP: 7/7
  2957 | D:3      | Noticed MetaCosm's ghost (amateur SpWr)
  3060 | D:3      | Killed MetaCosm's ghost
  3060 | D:3      | Reached skill level 10 in Axes
  3211 | D:3      | Found a shadowy altar of Dithmenos.
  3241 | D:3      | Found a shattered altar of Ashenzari.
  3362 | D:3      | Found a bloodstained altar of Trog.
  3549 | D:3      | Reached *** piety under Pakellas
  3876 | D:3      | Noticed Natasha
  3889 | D:3      | Killed Natasha
  3897 | D:3      | Reached skill level 5 in Fighting
  3911 | D:3      | Reached skill level 1 in Evocations
  3916 | D:3      | Reached XP level 8. HP: 58/69 MP: 8/8
  3936 | D:3      | Got a scorched trident {pierce}
  4194 | D:3      | Identified the cursed +0 trident of Usyiq {pierce, +Inv +Fly} (You took it off a gnoll on level 3 of the Dungeon)
  4241 | D:3      | Noticed Natasha
  4257 | D:3      | Killed Natasha
  4327 | D:3      | Reached **** piety under Pakellas
  4327 | D:3      | Received a gift from Pakellas
  4508 | D:3      | Noticed Natasha
  4524 | D:3      | Killed Natasha
  4720 | D:3      | Reached skill level 5 in Armour
  5018 | D:4      | Found a basalt altar of Yredelemnul.
  5376 | D:5      | Entered Level 5 of the Dungeon
  5444 | D:5      | Reached skill level 1 in Polearms
  5615 | D:5      | Found a sacrificial altar of Ru.
  5843 | D:5      | Reached XP level 9. HP: 77/81 MP: 5/9
  5845 | D:5      | Found a sand-covered staircase.
  5924 | D:5      | Found a deep blue altar of Sif Muna.
  6551 | D:5      | Gained mutation: You have sharp toenails. [potion of mutation]
  6551 | D:5      | Gained mutation: Your muscles are strong. (Str +2) [potion of mutation]
  6552 | D:5      | Gained mutation: You are partially covered in iridescent scales (AC +4). [potion of beneficial mutation]
  6751 | D:6      | Found a staircase to the Ecumenical Temple.
  6759 | D:6      | Got an encrusted mace
  6774 | D:6      | Identified the +2 mace of Mourning {venom, rF++} (You found it on level 6 of the Dungeon)
  7024 | D:6      | Reached ***** piety under Pakellas
  7257 | Temple   | Entered the Ecumenical Temple
  7300 | D:7      | Found a blossoming altar of Fedhas.
  7381 | D:7      | Noticed Pikel
  7394 | D:7      | Killed Pikel
  7394 | D:7      | Reached skill level 10 in Fighting
  7600 | D:7      | Reached XP level 10. HP: 92/94 MP: 11/11
  7860 | D:8      | Noticed thinklincoln's ghost (novice HuFi)
  7866 | D:8      | Killed thinklincoln's ghost
  7866 | D:8      | Reached skill level 11 in Fighting
  8612 | D:9      | Reached skill level 10 in Armour
  9141 | D:9      | Found a shimmering altar of Xom.
  9144 | D:9      | Found a radiant altar of Vehumet.
  9392 | D:10     | Entered Level 10 of the Dungeon
  9695 | D:10     | Got a bound bone ring
  9696 | D:10     | Identified the ring of Xom's Benevolence {+Fly Int+3 Dex+4 Stlth+} (You found it on level 10 of the Dungeon)
  9819 | D:10     | Noticed a hill giant
  9834 | D:10     | Killed a hill giant
  9834 | D:10     | Reached skill level 5 in Shields
  9834 | D:10     | Reached skill level 5 in Evocations
  9834 | D:10     | Reached XP level 11. HP: 104/104 MP: 14/14
  9876 | D:10     | Noticed Urug
  9893 | D:10     | Killed Urug
 10110 | D:10     | Noticed Joseph
 10123 | D:10     | Killed Joseph
 10338 | D:10     | Found a staircase to the Lair.
 10488 | D:10     | Found Zagh's Magic Scroll Shop.
 10492 | D:10     | Bought a scroll of brand weapon for 300 gold pieces
 10537 | D:10     | Reached ****** piety under Pakellas
 10667 | D:11     | Noticed an orc knight
 10691 | D:11     | Killed an orc knight
 10696 | D:11     | Found a staircase to the Orcish Mines.
 10743 | D:11     | Noticed a cyclops
 10765 | D:11     | Noticed a swamp dragon
 10765 | D:11     | a cyclops changed into a swamp dragon
 10774 | Orc:1    | Entered Level 1 of the Orcish Mines
 11033 | D:10     | Identified a supercharged wand of lightning (22/22) (supercharged by Pakellas)
 11588 | D:12     | Noticed a catoblepas
 11597 | D:12     | Killed a catoblepas
 11702 | D:12     | Received a gift from Pakellas
 11934 | D:12     | Noticed Kirke
 11968 | D:12     | Noticed a harpy
 11968 | D:12     | Noticed a harpy
 11969 | D:12     | Noticed a harpy
 11970 | D:12     | Slain by Kirke

Vault maps used:
D:1:      dpeg_arrival_chambers_temple_mockup
D:2:      nicolae_overflow_crystal_walls, ecumenical_altar_1, uniq_jessica,
          uniq_sigmund, uniq_robin, uniq_crazy_yiuf_cottage
D:3:      lemuel_castle_with_subvaults, nicolae_ashenzari_panopticon,
          lemuel_doored_altar, grunt_dithmenos_smoke, uniq_natasha, uniq_iyjb
D:4:      first_bread, yredelemnul_altar_generic
D:5:      led_sif_pool, kennysheep_mini, nicolae_ossuary_entry_catacombs,
          kennysheep_generic_room_3
D:6:      minmay_temple_entry_overgrown, kennysheep_generic_room_8
D:7:      fedhas_altar_3, the_bakery, uniq_pikel
D:8:      minmay_misc_feat_room, wad_rectangle_vault
D:9:      minitemple
D:10:     david_lair_shrubbed, serial_shops, shop, uniq_joseph, uniq_urug
D:11:     orc_david_3
D:12:     serial_shops, shop, minmay_misc_feat_rugged, uniq_kirke
Temple:   circular_temple_pool_12
Orc:1:    serial_shops, nicolae_shop_behind_doors, trog_hazing_becter,
          uniq_josephine

Action                   |  1- 3 |  4- 6 |  7- 9 | 10-12 || total
-------------------------+-------+-------+-------+-------++-------
Melee: War axe           |    89 |   193 |   549 |   436 ||  1267
       Trident           |       |       |    62 |       ||    62
       Unarmed           |       |       |       |     3 ||     3
Invok: Quick Charge      |       |       |     2 |     2 ||     4
       Device Surge      |       |       |       |     2 ||     2
       Supercharge       |       |       |       |     1 ||     1
Evoke: Wand              |       |     2 |     9 |    59 ||    70
  Use: Potion            |       |     1 |    10 |     6 ||    17
       Scroll            |       |     7 |     7 |     2 ||    16
 Stab: Distracted        |       |       |       |     1 ||     1
  Eat: Chunk             |     1 |     5 |    16 |    15 ||    37
       Pizza             |       |       |     3 |       ||     3
       Bread ration      |       |       |     2 |       ||     2
